Map: Port Aleksander LE

Players

AqueroN

  • Race: Terran Terran
  • League: Grandmaster
  • Spawn Location: 5:00

Lambo - Winner!

  • Race: Zerg Zerg
  • League: Grandmaster
  • Spawn Location: 11:00

VOD

Have the link to the VOD?

Description

Time

  • Played on: Dec. 27, 2018, 1:31 p.m.
  • Length: 14:35
Show
View Real Time Build Order
Export as new Build Order

AqueroN Terran 

Build Orders: Hellion Banshee 

Get SALT Encoding   

  12  0:00  SCV  
  13  0:13  SCV  
  14  0:18  Supply Depot  
  14  0:25  SCV  
  15  0:31  Refinery  
  15  0:39  SCV  
  16  0:45  Barracks  
  16  0:51  SCV  
  17  1:03  SCV  
  18  1:16  SCV  
  19  1:32  Reaper, Orbital Command  
  20  1:45  Command Center  
  20  1:56  Factory  
  20  1:59  SCV  
  21  2:08  Supply Depot  
  21  2:09  Barracks Reactor  
  21  2:13  SCV  
  22  2:18  Refinery  
  22  2:25  SCV  
  23  2:38  SCV  
  24  2:50  SCV  
  25  2:52  Hellion x2  
  25  2:55  Marine, Starport  
  30  3:01  Orbital Command  
  30  3:02  SCV  
  31  3:13  Hellion x2  
  31  3:14  Marine  
  31  3:18  SCV  
  37  3:23  Supply Depot  
  37  3:28  SCV  
  37  3:30  SCV  
  39  3:35  Marine  
  39  3:37  Hellion  
  39  3:39  Hellion  
  44  3:45  SCV  
  45  3:52  Armory  
  45  3:53  Marine, Medivac  
  48  4:00  Hellion  
  48  4:02  Supply Depot  
  50  4:05  SCV x2  
  50  4:08  Hellion  
  54  4:15  Barracks Tech Lab  
  54  4:23  SCV x2  
  54  4:24  Hellion  
  58  4:28  Supply Depot  
  58  4:29  Hellion  
  60  4:42  SCV x2  
  62  4:45  Terran Vehicle And Ship Armor Level 1  
  62  4:47  Cloaking Field  
  62  4:49  Banshee  
  65  4:54  SCV  
  65  5:08  SCV  
  65  5:12  SCV  
  63  5:16  Hellion x2  
  63  5:20  SCV  
  65  5:24  SCV, Supply Depot  
  65  5:25  Command Center  
  54  5:32  SCV, Banshee  
  51  5:36  SCV  
  51  5:37  Hellion  
  51  5:38  Hellion  
  51  5:41  Factory  
  56  5:44  SCV  
  56  5:45  Factory  
  56  5:47  Refinery  
  56  5:48  Barracks Tech Lab, SCV  
  56  5:49  Refinery  
  58  5:56  SCV  
  59  5:57  Supply Depot  
  59  5:59  Hellion x2  
  59  6:00  SCV  
  64  6:08  SCV  
  65  6:12  SCV  
  65  6:15  Banshee  
  69  6:20  Hellion x2  
  69  6:21  SCV  
  69  6:24  SCV  
  67  6:33  SCV  
  67  6:34  Factory Tech Lab  
  67  6:39  Factory x2  
  68  6:41  SCV, Supply Depot  
  68  6:42  Supply Depot  
  68  6:43  Mag-Field Accelerator, Hellion x2, Cyclone  
  68  6:45  SCV  
  77  6:51  Supply Depot  
  77  6:53  SCV  
  78  6:55  Cyclone  
  78  6:57  SCV, Banshee  
  85  7:05  SCV  
  86  7:09  SCV  
  87  7:16  Hellion x2  
  87  7:17  SCV  
  87  7:18  Cyclone  
  87  7:19  Orbital Command  
  95  7:23  Refinery  
  95  7:27  Factory Tech Lab  
  95  7:29  Factory Reactor  
  92  7:38  Infernal Pre-Igniter, Hellion x2  
  92  7:39  SCV  
  92  7:40  SCV, Banshee  
  92  7:42  Refinery  
  101  7:45  Cyclone  
  101  7:49  Supply Depot  
  101  7:51  SCV, Supply Depot  
  105  7:54  Cyclone  
  108  8:04  Hellion x2, Cyclone  
  108  8:05  SCV x3  
  117  8:12  Command Center  
  118  8:14  Hellion  
  118  8:15  Hellion  
  123  8:20  SCV x3  
  123  8:22  Cyclone  
  128  8:27  Cyclone  
  128  8:28  Hellion x2  
  135  8:37  Hellion x2  
  139  8:41  Supply Depot x2, Starport  
  139  8:42  Starport  
  139  8:52  Hellion  
  141  9:03  Hellion, Cyclone x2  
  149  9:21  Cyclone  
  149  9:22  Hellion x2  
  158  9:24  Hellion  
  158  9:25  Starport Tech Lab  
  158  9:26  Starport Tech Lab  
  158  9:27  Hyperflight Rotors  
  158  9:28  Banshee  
  161  9:35  Cyclone  
  161  9:36  Terran Vehicle And Ship Armor Level 2, Supply Depot  
  161  9:37  Supply Depot  
  161  9:38  Supply Depot  
  160  9:45  Banshee  
  160  9:46  Banshee, Cyclone  
  160  9:47  Hellion x3  
  160  9:48  Hellion  
  177  9:53  Cyclone  
  180  10:10  Banshee, Cyclone  
  183  10:18  Cyclone  
  186  10:21  Command Center  
  186  10:22  Engineering Bay  
  186  10:24  Hellion x2  
  186  10:25  Hellion x2  
  191  10:29  Refinery x2  
  191  10:39  Cyclone  
  194  10:44  Banshee x2  
  194  10:46  Armory  
  200  11:01  Cyclone x2  
  198  11:12  Planetary Fortress  
  198  11:17  Cyclone  
  155  11:25  Hellion x2  
  155  11:26  Banshee, Hellion x2  
  147  11:33  Cyclone  
  147  11:37  SCV x2  
  145  11:41  Cyclone  
  148  11:49  SCV x2  
  148  11:51  Cyclone  
  153  12:05  Cyclone  
  146  12:15  Cyclone  
  133  12:16  Hellion x2  
  118  12:23  Cyclone  
  89  12:37  Cyclone  
  89  12:38  Hellion x2  
  89  12:47  Hellion x2, Cyclone  
  93  12:53  Banshee  
  93  12:56  Cyclone  
  95  13:01  Hellion  
  97  13:09  Cyclone  
  97  13:12  Command Center  
  100  13:13  Hellion x2  
  100  13:19  Cyclone  
  107  13:23  Hellion x2  
  107  13:24  Banshee  
  114  13:33  Cyclone  
  117  13:41  Hellion x2, Sensor Tower  
  121  13:42  Cyclone  
  120  13:51  Hellion x2, Cyclone  
  127  14:09  Hellion  
Show
View Real Time Build Order
Export as new Build Order

Lambo Zerg - Winner!

Build Orders: Hatch First 

Get SALT Encoding   

  12  0:00  Drone  
  13  0:12  Overlord  
  13  0:18  Drone  
  14  0:31  Drone x2  
  16  0:50  Hatchery  
  16  0:54  Drone  
  17  0:57  Drone  
  17  1:01  Drone  
  18  1:11  Extractor  
  18  1:17  Spawning Pool  
  16  1:20  Drone  
  16  1:24  Drone  
  18  1:29  Drone  
  19  1:45  Drone  
  20  1:51  Overlord  
  20  2:03  Queen x2  
  20  2:04  Zergling x2  
  20  2:05  Zergling x2  
  26  2:13  Metabolic Boost  
  26  2:15  Drone  
  27  2:16  Drone  
  27  2:21  Drone  
  29  2:24  Drone  
  29  2:46  Hatchery  
  29  2:47  Drone  
  29  2:51  Pneumatized Carapace  
  29  2:53  Drone  
  29  2:57  Drone  
  31  3:01  Overlord  
  31  3:04  Drone  
  32  3:06  Drone  
  32  3:08  Drone  
  34  3:14  Drone  
  35  3:20  Overlord, Drone x2  
  35  3:24  Queen  
  39  3:28  Drone  
  39  3:29  Drone  
  41  3:41  Zergling x6  
  44  3:45  Queen  
  44  3:47  Zergling x6  
  48  3:52  Overlord  
  48  3:53  Drone  
  49  4:00  Queen  
  51  4:07  Queen  
  51  4:08  Drone x3  
  56  4:12  Drone x3  
  59  4:18  Baneling Nest, Drone  
  59  4:19  Drone  
  59  4:23  Zergling x4  
  62  4:29  Zergling x2  
  62  4:31  Queen  
  63  4:35  Drone  
  63  4:36  Overlord  
  66  4:47  Overlord  
  66  4:48  Overlord  
  65  4:55  Overlord  
  65  5:04  Queen x2, Baneling x9  
  65  5:05  Drone x2  
  69  5:08  Zergling x10  
  70  5:15  Zergling x8  
  72  5:26  Drone x5  
  73  5:28  Drone  
  73  5:30  Drone  
  74  5:37  Spore Crawler  
  74  5:39  Spore Crawler  
  74  5:40  Spore Crawler  
  74  5:42  Drone x2  
  73  5:45  Drone x2  
  75  5:50  Lair  
  75  5:52  Drone x2  
  77  5:58  Drone x3  
  77  6:00  Drone x2  
  77  6:03  Drone x2  
  84  6:05  Drone  
  84  6:07  Drone x3  
  84  6:08  Extractor  
  84  6:10  Drone x2  
  89  6:12  Extractor  
  89  6:13  Extractor  
  89  6:14  Evolution Chamber, Drone  
  89  6:16  Evolution Chamber  
  86  6:19  Overlord  
  86  6:25  Drone x2  
  81  6:29  Drone x3  
  81  6:32  Drone  
  80  6:33  Extractor  
  80  6:34  Extractor, Drone x5  
  80  6:37  Drone x3  
  85  6:43  Drone  
  86  6:47  Roach Warren  
  86  6:48  Zerg Missile Weapons Level 1, Drone, Zerg Melee Weapons Level 1  
  86  6:49  Drone  
  87  6:58  Drone x3  
  90  7:04  Hatchery  
  90  7:05  Overlord  
  90  7:07  Hydralisk Den, Drone  
  89  7:08  Overlord  
  89  7:10  Overseer  
  89  7:14  Drone x2  
  88  7:15  Drone  
  88  7:16  Drone  
  88  7:21  Drone x4  
  88  7:22  Drone  
  95  7:35  Roach x7  
  109  7:37  Glial Reconstitution  
  109  7:40  Roach  
  109  7:41  Infestation Pit  
  109  7:42  Centrifical Hooks  
  110  7:50  Roach x2  
  114  7:51  Overlord  
  114  7:55  Overlord  
  114  7:57  Overlord  
  111  8:03  Overlord  
  111  8:07  Extractor  
  111  8:10  Drone x10  
  111  8:11  Drone x2  
  122  8:13  Extractor  
  122  8:14  Drone  
  122  8:19  Hive  
  122  8:21  Queen  
  124  8:27  Roach x2  
  124  8:31  Overlord  
  124  8:32  Grooved Spines  
  128  8:34  Spore Crawler  
  127  8:42  Hydralisk  
  127  8:43  Hydralisk x3  
  127  8:47  Hydralisk x3  
  141  8:53  Baneling x6  
  141  8:54  Hydralisk x2  
  141  8:55  Roach  
  147  8:58  Roach x2  
  147  8:59  Ravager  
  147  9:01  Zerg Missile Weapons Level 2  
  152  9:04  Overlord  
  152  9:06  Overlord  
  152  9:07  Baneling x4  
  152  9:08  Overlord  
  152  9:12  Overlord  
  152  9:14  Overlord  
  152  9:16  Overlord  
  152  9:18  Overlord  
  152  9:20  Overlord  
  152  9:22  Overlord  
  150  9:25  Overlord  
  150  9:28  Hydralisk x2  
  150  9:29  Roach x2  
  150  9:30  Overlord  
  156  9:40  Viper x3  
  156  9:43  Viper  
  162  9:48  Zergling x6  
  165  9:53  Hydralisk x3  
  165  9:57  Hatchery  
  165  9:58  Spine Crawler  
  165  9:59  Zerg Ground Armor Level 1  
  169  10:09  Hydralisk  
  169  10:10  Hydralisk x4  
  179  10:14  Overseer  
  179  10:16  Muscular Augments  
  179  10:17  Overlord  
  179  10:22  Drone x6  
  179  10:26  Spine Crawler  
  184  10:31  Hydralisk  
  184  10:32  Roach, Hydralisk  
  184  10:33  Roach x4  
  198  10:37  Spine Crawler  
  198  10:41  Spire, Hydralisk  
  198  10:53  Spine Crawler  
  198  10:54  Spore Crawler  
  196  11:03  Hydralisk x2  
  192  11:18  Hydralisk  
  192  11:19  Hydralisk x2  
  192  11:24  Hydralisk, Zergling x2  
  192  11:25  Zergling x26  
  196  11:27  Zergling x2  
  196  11:28  Zergling x18  
  196  11:32  Roach x7  
  193  11:36  Hydralisk x3  
  193  11:39  Ravager  
  180  11:40  Ravager x3  
  180  11:43  Roach  
  180  11:46  Baneling x10  
  184  11:49  Roach  
  184  11:51  Hydralisk  
  184  11:52  Overseer  
  185  11:55  Baneling x9  
  185  11:58  Baneling  
  185  11:59  Baneling x2  
  185  12:00  Hydralisk  
  185  12:01  Hydralisk  
  180  12:08  Unknown  
  180  12:09  Hydralisk x5  
  180  12:10  Unknown  
  180  12:15  Hydralisk x2  
  176  12:23  Hydralisk x4  
  174  12:30  Hydralisk x2  
  174  12:31  Hydralisk  
  174  12:34  Hydralisk x2  
  176  12:42  Hydralisk, Zergling x14  
  176  12:46  Roach  
  174  13:01  Roach x3  
  174  13:03  Hatchery, Overseer  
  174  13:05  Roach x2  
  179  13:11  Baneling x12  
  179  13:13  Hydralisk  
  181  13:21  Hydralisk x3  
  186  13:30  Overseer  
  186  13:31  Drone x2  
  187  13:35  Hydralisk x2  
  191  13:43  Drone  
  191  13:44  Drone x2  
  191  13:45  Overlord  
  191  13:47  Drone x2  
  190  13:48  Drone x2  
Tags
 
Add a new tag
Caveats
  • Supply blocks, unpowered buildings, or Contaminate may cause inaccurate times.
  • Supply counts are checked every 10 seconds.